cohdb
Replays
Latest Replays
All Replays
Popular Replays
Top Player Replays
Match Explorer
How It Works
Community
CoH3 Stats
Reddit
Sign in to upload your games and track your stats! →
Sign in with Steam
Match 41106775
Unlisted
Match 41106775
Overview
Messages
Build Orders
End
Pioneer Squad
Pioneer Squad
Construct Infanterie Kompanie
MG 42 Machine Gun Team
Grenadier Squad
Grenadier Squad
Construct Panzergrenadier Kompanie
251 Medium Carrier
Panzergrenadier Squad
Pak 40 Anti-tank Gun Team
Panzergrenadier Officer Quarters
Medical Station
Construct Panzer Kompanie
MG 42 Machine Gun Team
Selects Luftwaffe Battlegroup
Selects Luftwaffe Pioneer Support
Selects Flak 38 Anti-Air Emplacement
Selects Infantry Reserves
Stoßtruppen Squad
Pioneer Squad
Panzer IV Medium Tank
Selects Stuka Strafing Run
Stoßtruppen Squad
Panzer Officer Quarters
Stuka Strafing Run
Pak 40 Anti-tank Gun Team
Stuka Strafing Run
Panzer IV Medium Tank
Stuka Strafing Run
Selects Fallschirmjäger Squad Paradrop
Selects Stuka Loiter
Stuka Loiter
Sturmpanzer IV Brummbär
Stuka Strafing Run
Pioneer Squad
Stoßtruppen Squad
Pioneer Squad
Stuka Strafing Run
Panzer IV Medium Tank
Stuka Loiter
Repair Bunker
Side Skirts
Stuka Strafing Run
Stuka Loiter
Panzer IV Medium Tank
Nubbl0r
AustrianBastard
0
0
Comments
sign in to comment!
No comments posted yet!